 Dungeon Crawl Stone Soup version 0.32-a0-132-g2d33c3cfaf (webtiles) character file.

Game seed: 17911496950765473248

209804 Flugkiller the Deadly Accurate (level 18, -18/149 HPs)
             Began as a Mummy Wanderer on Feb 9, 2024.
             Was the Champion of Okawaru.
             Killed by an exploding eight-headed hydra (39 damage)
             ... ignited by their inner flame
             ... on level 4 of the Swamp.
             The game lasted 01:12:40 (34561 turns).

Flugkiller the Deadly Accurate (Mummy Wanderer)    Turns: 34561, Time: 01:12:41

Health: -18/149    AC: 38    Str: 21    XL:     18   Next: 16%
Magic:  25/25      EV:  0    Int: 11    God:    Okawaru [******]
Gold:   3551       SH: 17    Dex: 14    Spells: 17/17 levels left

rFire   . . .        M - +6 demon whip (elec)
rCold   + + .        o - +0 tower shield {AC+3}
rNeg    + + +        v - +0 crystal plate armour {rC+}
rPois   ∞            d - +0 helmet of the Vanishing Beggars {Rampage Will+ Regen+}
rElec   .            u - +2 cloak {Will+}
rCorr   .            y - +0 pair of gloves
SInv    .            K - +2 pair of boots {Fly}
Will    ++++.        q - amulet of regeneration Stlth
                     a - +4 ring of protection
HPRegen 2.04/turn    f - ring of protection from fire
MPRegen 0.19/turn

%: rampage, faith
@: grasped by roots, flying, constricted
A: cold resistance 1, negative energy resistance 3, torment resistance 2, heat
vulnerability 1, in touch with death 2, no potions, faith
}: 1/15 runes: serpentine
a: Renounce Religion, Heroism, Finesse, Duel


You were on level 4 of the Swamp.
You worshipped Okawaru.
Okawaru was exalted by your worship.
You visited 5 branches of the dungeon, and saw 30 of its levels.
You also visited: Ice Cave.

You collected 3852 gold pieces.
You spent 301 gold pieces at shops.

Inventory:

Hand Weapons
 M - a +6 demon whip of electrocution (weapon)
   (Okawaru gifted it to you in an ice cave)
Missiles
 c - 15 javelins (quivered)
 E - 6 curare-tipped darts
 G - 10 silver javelins
 J - 35 boomerangs
Armour
 d - the +0 helmet of the Vanishing Beggars (worn) {Rampage Will+ Regen+}
   (Okawaru gifted it to you in an ice cave)

   Will+:     It increases your willpower.
   Regen+:    It increases your rate of health regeneration.
   Rampage:   It bestows one free step when moving towards enemies.
 l - a +0 buckler
   (You found it on level 8 of the Dungeon)
 o - a +0 tower shield of protection (worn)
   (You took it off a naga warrior on level 4 of the Snake Pit)
 u - a +2 cloak of willpower (worn)
   (You found it on level 1 of the Dungeon)
 v - a +0 crystal plate armour of cold resistance (worn)
   (You found it in an ice cave)
 y - a +0 pair of gloves (worn)
   (You found it on level 11 of the Dungeon)
 K - a +2 pair of boots of flying (worn)
   (You bought it in a shop on level 1 of the Snake Pit)
 N - a +2 plate armour of fire resistance
   (You found it on level 1 of the Snake Pit)
Jewellery
 a - a +4 ring of protection (left hand)
   (You found it on level 2 of the Snake Pit)
 e - the amulet "Noahimoel" {Spirit Rampage}
   (You found it on level 5 of the Lair of Beasts)

   [amulet of guardian spirit]

   Spirit:    It causes incoming damage to be divided between your reserves of
   health and magic.
   Rampage:   It bestows one free step when moving towards enemies.
 f - a ring of protection from fire (right hand)
   (You found it on level 2 of the Snake Pit)
 i - a ring of see invisible
   (You found it on level 5 of the Lair of Beasts)
 m - a ring of willpower
   (You found it on level 14 of the Dungeon)
 p - a ring of protection from fire
   (You found it on level 5 of the Lair of Beasts)
 q - an amulet of regeneration (around neck)
   (You took it off an orc warrior on level 10 of the Dungeon)
 D - a +4 ring of protection
   (You found it on level 13 of the Dungeon)
Wands
 h - a wand of flame (52)
   (You took it off Edmund on level 6 of the Dungeon)
 A - a wand of mindburst (21)
   (You found it on level 6 of the Dungeon)
 B - a wand of polymorph (7)
   (You found it on level 12 of the Dungeon)
 C - a wand of iceblast (45)
   (You found it on level 7 of the Dungeon)
 H - a wand of paralysis (11)
   (You took it off a kobold on level 10 of the Dungeon)
 I - a wand of quicksilver (6)
   (You found it on level 8 of the Dungeon)
Scrolls
 g - 6 scrolls of poison
 k - a scroll of immolation
 n - 4 scrolls of vulnerability
 r - 16 scrolls of identify
 s - 8 scrolls of fog
 t - 10 scrolls of teleportation
 w - 2 scrolls of amnesia
 x - 2 scrolls of enchant armour
 z - 2 scrolls of blinking
 L - 2 scrolls of fear
 O - 5 scrolls of revelation
Miscellaneous
 b - a condenser vane
 j - a lightning rod (4/4)
   (You found it on level 1 of the Snake Pit)


   Skills:
 - Level 15.0 Fighting
 - Level 1.5(7.7) Axes
 - Level 11.9(12.0) Maces & Flails
 - Level 15.2 Throwing
 - Level 12.0 Armour
 - Level 1.5 Dodging
 - Level 2.0 Stealth
 + Level 11.1 Shields
 - Level 10.0 Invocations
 - Level 5.0 Evocations


You had 17 spell levels left.
You didn't know any spells.
Your spell library contained the following spells:

 Spells                   Type           Power      Damage    Failure   Level
 Foxfire                  Conj/Fire      0%         2x1d4     100%        1
 Freeze                   Ice            0%         1d3       100%        1
 Necrotise                Necr           0%         1d4       100%        1
 Shock                    Conj/Air       0%         1d3       100%        1
 Lesser Beckoning         Tloc           0%         N/A       100%        2
 Scorch                   Fire           0%         2d5       100%        2
 Dazzling Flash           Conj/Hex       0%         N/A       100%        3
 Frozen Ramparts          Ice            0%         1d1       100%        3
 Fugue of the Fallen      Necr           0%         N/A       100%        3
 Gell's Gravitas          Tloc           0%         N/A       100%        3
 Hailstorm                Conj/Ice       0%         3d5       100%        3
 Ozocubu's Armour         Ice            0%         N/A       100%        3
 Stone Arrow              Conj/Erth      0%         3d7       100%        3
 Swiftness                Air            0%         N/A       100%        3
 Teleport Other           Tloc           0%         N/A       100%        3
 Vampiric Draining        Necr           0%         2d6       100%        3
 Volatile Blastmotes      Fire/Tloc      0%         2d10      100%        3
 Airstrike                Air            0%         2d(0-16)  100%        4
 Flame Wave               Conj/Fire      0%         2d4       100%        4
 Fulminant Prism          Conj/Alch      0%         3d5       100%        4
 Iskenderun's Mystic Bla  Conj/Tloc      0%         2d3       100%        4
 Manifold Assault         Tloc           0%         N/A       100%        4
 Passage of Golubria      Tloc           0%         N/A       100%        4
 Petrify                  Alch/Erth      0%         N/A       100%        4
 Curse of Agony           Necr           0%         N/A       100%        5
 Irradiate                Conj/Alch      0%         3d11      100%        5
 Silence                  Hex/Air        0%         N/A       100%        5
 Plasma Beam              Fire/Air       0%         2x1d10    100%        6
 Starburst                Conj/Fire      0%         6d3       100%        6
 Lehudib's Crystal Spear  Conj/Erth      0%         10d2      100%        8
 Maxwell's Capacitive Co  Air            0%         ∞         100%        8
 Sublimation of Blood     Necr           Unusable   N/A       N/A         2
 Summon Ice Beast         Ice/Summ       Unusable   N/A       N/A         3
 Animate Armour           Summ/Erth      Unusable   N/A       N/A         4
 Martyr's Knell           Necr/Summ      Unusable   N/A       N/A         4
 Sculpt Simulacrum        Ice/Alch       Unusable   N/A       N/A         6
 Summon Cactus Giant      Summ           Unusable   N/A       N/A         6

Dungeon Overview and Level Annotations

Branches:
Dungeon (15/15) Zot: 25888  Temple (0/1) D:4            Lair (5/5) D:8 Zot: 24970
  Swamp (4/4) Lair:2 Zot: 22119   Snake (4/4) Lair:2 Zot: 17587   Slime (0/5) Lair:4
    Orc (2/2) D:9 Zot: 11016     Elf (0/3) Orc:2        Vaults (0/5) D:14
 Depths (0/4) D:15          IceCv (visited)

Altars:
Ashenzari
Cheibriados
Dithmenos
Gozag
Makhleb
Okawaru
Qazlal
Sif Muna
Vehumet
Yredelemnul
Jiyva

Shops:
D:9 !   D:12 :   Orc:2 (*=[   Snake:1 [   Snake:2 (=*:

Portals:
Trove: D:13 (give 7 scrolls of fog)

Annotations:
D:4 1 runed translucent door, Crazy Yiuf
D:8 exclusion: 2 doors
D:9 2 transporters
Swamp:2 Roxanne


Innate Abilities, Weirdness & Mutations

You are immune to poison.
Your flesh is cold resistant. (rC+)
You are immune to negative energy. (rN+++)
You are immune to unholy pain and torment.
You are vulnerable to heat. (rF-)
You are strongly in touch with the powers of death.
You do not drink.
You have a special connection with the divine. (Faith)


Message History

You feel a bit more experienced.
The swamp drake explodes!
The fiery explosion engulfs the thorn hunter!!!
The thorn hunter is burned terribly!
Flame seeps out of the thorn hunter.
The thorn hunter is heavily damaged.
The fiery explosion engulfs the eight-headed hydra!!
Flame seeps out of the eight-headed hydra.
The eight-headed hydra is moderately wounded.
The fiery explosion engulfs the eight-headed hydra!!
You kill the eight-headed hydra!
Okawaru accepts your kill.
The fiery explosion engulfs the six-headed hydra!!!
You kill the six-headed hydra!
Okawaru accepts your kill.
The fiery explosion engulfs the swamp dragon!!
Okawaru accepts your kill.
The fiery explosion engulfs the swamp dragon!!
The swamp dragon is severely wounded.
The swamp dragon explodes!
The fiery explosion engulfs the swamp dragon!!
Flame seeps out of the swamp dragon.
The swamp dragon is severely wounded.
Okawaru accepts your kill.
You feel a bit more experienced. Okawaru accepts your kill.
You feel a bit more experienced.
The fiery explosion engulfs the eight-headed hydra!!!
Flame seeps out of the eight-headed hydra.
The eight-headed hydra is almost dead.
The fiery explosion engulfs the thorn hunter!!!!
The thorn hunter is burned terribly!
Okawaru accepts your kill. x2
You feel a bit more experienced.
The fiery explosion engulfs the swamp dragon!
The swamp dragon is almost dead.
Okawaru accepts your kill.
You feel a bit more experienced.
The thorn hunter explodes!
The fiery explosion engulfs the swamp drake!!
Flame seeps out of the swamp drake.
The swamp drake is heavily wounded.
The fiery explosion engulfs the swamp dragon!!
Okawaru accepts your kill.
The swamp dragon explodes!
The fiery explosion engulfs the swamp drake!!!
Okawaru accepts your kill. x2
You feel a bit more experienced.
The fiery explosion engulfs the swamp dragon!!
Flame seeps out of the swamp dragon.
The swamp dragon is severely wounded.
The fiery explosion engulfs you!
The swamp drake explodes!
The fiery explosion engulfs the eight-headed hydra!!!
Okawaru accepts your kill.
The eight-headed hydra explodes!
The fiery explosion engulfs the swamp drake!!!
Okawaru accepts your kill.
The fiery explosion engulfs the five-headed hydra!!!
Okawaru accepts your kill.
The fiery explosion engulfs the swamp dragon!!!
You kill the swamp dragon!
Okawaru accepts your kill.
The swamp dragon scales are intact enough to wear.
The fiery explosion engulfs the swamp drake!!
Okawaru accepts your kill.
The fiery explosion engulfs the swamp drake.
Flame seeps out of the swamp drake.
The swamp drake is lightly wounded.
The fiery explosion engulfs the four-headed hydra!!
You kill the four-headed hydra!
Okawaru accepts your kill. Okawaru grants you throwing weapons!
Something appears at your feet!
The fiery explosion engulfs the swamp drake!!
The swamp drake is almost dead.
The swamp drake explodes!
The five-headed hydra explodes!
The fiery explosion engulfs the swamp drake!!
Okawaru accepts your kill.
The fiery explosion engulfs the swamp drake!!!
You kill the swamp drake!
Okawaru accepts your kill. x2
You feel a bit more experienced. Okawaru accepts your kill.
You feel a bit more experienced.
The swamp drake explodes!
Okawaru accepts your kill.
You feel a bit more experienced.
The swamp drake explodes!
You hear an explosion! x2
Okawaru accepts your kill.
You feel a bit more experienced.
The fiery explosion engulfs the swamp dragon!!!
Okawaru accepts your kill. x2
You feel a bit more experienced.
The swamp dragon explodes!
The mangrove smoulders and burns.
The fiery explosion engulfs you!!!
* * * LOW HITPOINT WARNING * * *
The eight-headed hydra explodes!
The fiery explosion engulfs you!!!
You die...

♣♣♣♣♣♣♣ ♣§§☼§☼♣
♣♣♣♣.§§§.♣♣♣♣♣♣♣♣♣♣♣♣♣♣♣
.~..§§○@§.♣♣..~~~~♣♣...~
~~f~##○##.~~~P~~~.~..~§~
~ #§○ ##♣~~~~~~~♣.~~~~
#○§§ #~~~~~~.♣.~~~~
#§§§§ #♣.~~~.♣♣.~~~~
#§§§§ #♣~~§~.♣<~~~~ ~♣
.§§○○ ♣~~~~..~~~~~
...~.~♣##.§§§§
#♣~....~~~~~ ~~P~~~#
#♣~.~~.~~~~~


You could see a shambling mangrove (inner flame).

Vanquished Creatures
  Bai Suzhen (Snake:4)
  Rupert (Lair:3)
  2 thorn hunters (Swamp:4)
  Kirke (Swamp:1)
  Aizul (Snake:3)
  A fenstrider witch (Swamp:4)
  3 nagarajas (Snake:4)
  A reaper (IceCv)
  An orc warlord (Orc:2)
  3 eleionomae
  Nessos (D:12)
  2 bunyips
  Snorg (D:11)
  2 fire dragons (D:15)
  A shambling mangrove (Swamp:4)
  The ghost of Juexoadu the Protected, a journeyman BaFi of Cheibriados (Lair:1)
  4 vault guards
  A salamander tyrant (Snake:4)
  19 hydras
  Fannar (Orc:1)
  10 alligators
  2 ghost crabs
  2 centaur warriors
  5 boulder beetles
  16 anacondas
  12 naga warriors
  4 two-headed ogres
  2 hell hogs (Lair:5)
  11 death yaks
  A tengu warrior (D:14)
  4 shock serpents
  9 naga sharpshooters
  4 orc high priests
  13 spriggans
  4 skeletal warriors
  A skyshark (Lair:5)
  5 salamander mystics
  A spectral death yak (Lair:1)
  2 goliath frogs
  3 anaconda zombies (Snake:1)
  6 spectral anacondas (Snake:1)
  13 mana vipers
  A death drake (Snake:1)
  4 sea snakes
  3 spriggan druids
  7 swamp dragons
  2 lindwurms
  Lodul (D:13)
  5 orc knights
  A lindwurm (shapeshifter) (D:13)
  2 bog bodies
  10 naga ritualists
  3 anaconda skeletons (Snake:1)
  4 deep elf pyromancers
  A harpy (shapeshifter) (D:13)
  13 salamanders
  5 cyclopes
  2 orc sorcerers (Orc:2)
  4 manticores
  13 ugly things
  8 will-o-the-wisps
  A meliai (shapeshifter) (D:13)
  4 elephants
  3 molten gargoyles (Lair:5)
  A gargoyle (D:13)
  An ice statue (IceCv)
  16 naga magi
  53 black mambas
  8 cane toads
  11 guardian serpents
  Maggie (D:5)
  2 unseen horrors
  18 komodo dragons
  A yaktaur (shapeshifter) (D:13)
  3 efreet
  A kobold demonologist (D:10)
  6 anaconda simulacra
  8 trolls
  7 polar bears
  4 tyrant leeches
  A merfolk (Snake:3)
  Grinder (D:6)
  12 hornets
  A spectral dream sheep (Lair:1)
  21 blink frogs
  7 dream sheep
  Prince Ribbit (D:6)
  9 slime creatures (D:13)
  A shadow (D:9)
  7 wyverns
  A vampire (D:14)
  49 yaks
  A wraith (D:10)
  3 dire elephant simulacra (IceCv)
  6 basilisks
  Grum (D:10)
  6 wargs
  3 humans (Swamp:1)
  3 steam dragons
  3 hogs (Swamp:1)
  8 vampire mosquitoes (D:13)
  A harpy simulacrum (IceCv)
  Edmund (D:6)
  7 death yak simulacra
  A warg (shapeshifter) (D:13)
  2 acid dragons
  15 swamp worms
  34 nagas
  14 water moccasins
  5 hell hounds (Lair:5)
  2 laughing skulls (D:14)
  An ice beast (D:8)
  22 orc warriors
  A boulder beetle simulacrum (Lair:1)
  11 swamp drakes
  16 wolves
  13 ogres
  7 centaurs
  5 boggarts
  A phantom (D:4)
  6 kobold brigands
  9 bullfrogs
  3 two-headed ogre simulacra (IceCv)
  3 cane toad simulacra (IceCv)
  4 wights
  5 howler monkeys
  2 bombardier beetles
  2 electric eels
  A torpor snail simulacrum (Lair:1)
  5 lava snakes (Lair:5)
  9 jellies
  A hound (D:5)
  8 orc priests
  5 sleepcaps
  13 orc wizards
  3 iguanas
  A polar bear simulacrum (IceCv)
  8 troll simulacra (IceCv)
  9 spriggan simulacra (IceCv)
  3 wolf simulacra (IceCv)
  7 adders
  7 gnolls
  2 naga simulacra (IceCv)
  A shadow imp (D:7)
  20 white imps
  11 ufetubi
  7 ribbon worms
  53 orcs
  5 ball pythons
  7 endoplasms
  2 giant cockroaches
  5 goblins
  8 hobgoblins
  26 kobolds
  5 quokkas
  2 bats (D:2)
  5 frilled lizards
  4 rats
997 creatures vanquished.

Vanquished Creatures (others)
  A hydra (Swamp:4)
  A will-o-the-wisp (Swamp:1)
  A naga mage (Snake:4)
  4 bloated husks
  A kobold (D:9)
  40 foxfires
48 creatures vanquished.

Grand Total: 1045 creatures vanquished

Notes
Turn   | Place    | Note
-------+----------+-------------------------------------------
     0 | D:1      | Flugkiller the Mummy Wanderer began the quest for the Orb.
     0 | D:1      | Flugkiller set off with the following items: a +0 hand axe,
                  | a condenser vane, a +0 helmet, a scroll of fog, a +0
                  | leather armour.
     0 | D:1      | Reached XP level 1. HP: 13/13 MP: 1/1
   228 | D:1      | Reached skill level 1 in Fighting
   254 | D:1      | Reached skill level 1 in Stealth
   254 | D:1      | Reached XP level 2. HP: 18/21 MP: 2/2
   356 | D:1      | You fall into a shaft and drop 1 floor!
   902 | D:2      | Reached XP level 3. HP: 26/26 MP: 3/3
  2151 | D:3      | Reached skill level 1 in Maces & Flails
  2192 | D:3      | Found a faded altar of an unknown god.
  2221 | D:3      | Reached XP level 4. HP: 28/33 MP: 4/4
  2229 | D:3      | Prayed at the altar of an unknown god.
  2229 | D:3      | Became a worshipper of Warmaster Okawaru
  2229 | D:3      | Reached * piety under Okawaru
  2875 | D:4      | Reached skill level 1 in Invocations
  3066 | D:4      | Noticed a phantom
  3128 | D:4      | Killed a phantom
  3129 | D:4      | Reached XP level 5. HP: 21/39 MP: 6/6
  3459 | D:4      | Found a runed translucent door.
  3460 | D:4      | Noticed Crazy Yiuf
  3486 | D:4      | Noticed a black bear
  3606 | D:4      | Reached XP level 6. HP: 46/46 MP: 6/8
  3727 | D:4      | Found a staircase to the Ecumenical Temple.
  3918 | D:4      | Found a basalt altar of Yredelemnul.
  4150 | D:5      | Entered Level 5 of the Dungeon
  4150 | D:5      | Noticed a wyvern
  4206 | D:5      | Reached ** piety under Okawaru
  4245 | D:5      | Found a stormy altar of Qazlal.
  4266 | D:5      | Killed a wyvern
  4569 | D:4      | Reached XP level 7. HP: 25/53 MP: 9/9
  4810 | D:5      | Identified the +6 short sword of World Downfall {flame,
                  | +Blink rPois Str-4 Dex-5}
  5039 | D:5      | Reached *** piety under Okawaru
  5815 | D:6      | Noticed Prince Ribbit
  5823 | D:6      | Killed Prince Ribbit
  5823 | D:6      | Reached **** piety under Okawaru
  5824 | D:6      | Reached XP level 8. HP: 61/61 MP: 10/10
  5860 | D:6      | Reached skill level 5 in Fighting
  5880 | D:6      | Noticed Edmund
  5931 | D:6      | Found a shimmering blue altar of Sif Muna.
  5945 | D:6      | Found an opulent altar of Gozag.
  5987 | D:6      | Noticed Maggie
  6120 | D:6      | Killed Edmund
  6250 | D:6      | Noticed a two-headed ogre
  6299 | D:5      | Killed Maggie
  6300 | D:5      | Reached skill level 5 in Maces & Flails
  6428 | D:6      | Found a snail-covered altar of Cheibriados.
  6473 | D:6      | Killed a two-headed ogre
  6474 | D:6      | Reached skill level 5 in Invocations
  6474 | D:6      | Reached XP level 9. HP: 42/69 MP: 1/12
  6578 | D:6      | Noticed Grinder
  6591 | D:6      | Killed Grinder
  6759 | D:6      | Reached ***** piety under Okawaru
  7214 | D:7      | Found a shadowy altar of Dithmenos.
  7716 | D:8      | Noticed a centaur warrior
  7735 | D:8      | Noticed an efreet
  7864 | D:8      | Found a radiant altar of Vehumet.
  8106 | D:8      | Found a staircase to the Lair.
  8129 | D:8      | Killed a centaur warrior
  8129 | D:8      | Received a gift from Okawaru
  8130 | D:8      | Reached XP level 10. HP: 7/80 MP: 3/14
  8251 | D:8      | Reached skill level 5 in Armour
  8958 | D:9      | Noticed a purple ugly thing
  9721 | D:9      | Found a transporter.
  9869 | D:9      | Killed a purple ugly thing
  9869 | D:9      | Received a gift from Okawaru
 10160 | D:9      | Found a burning altar of Makhleb.
 10238 | D:9      | Found a staircase to the Orcish Mines.
 10492 | D:9      | Noticed a green ugly thing
 10494 | D:9      | Noticed a red ugly thing
 10495 | D:9      | Noticed a purple ugly thing
 10496 | D:9      | Found a transporter.
 10531 | D:9      | Found Irphin's Distillery.
 10698 | D:10     | Entered Level 10 of the Dungeon
 10709 | D:10     | Noticed a two-headed ogre
 10724 | D:10     | Killed a two-headed ogre
 11003 | D:10     | Received a gift from Okawaru
 11195 | D:10     | Reached XP level 11. HP: 62/89 MP: 5/16
 11538 | D:10     | Found a broken altar of Ashenzari.
 12566 | D:11     | Noticed Grum
 12592 | D:10     | Killed Grum
 12816 | D:11     | Noticed a two-headed ogre
 12840 | D:11     | Killed a two-headed ogre
 12884 | D:11     | Noticed Snorg
 13144 | D:11     | Killed Snorg
 13167 | D:11     | Received a gift from Okawaru
 13341 | D:11     | Noticed a lindwurm
 13341 | D:11     | Noticed a lindwurm
 13416 | Lair:1   | Entered Level 1 of the Lair of Beasts
 13484 | Lair:1   | Found a runed translucent gate.
 13484 | Lair:1   | Found a runed translucent gate.
 13484 | Lair:1   | Found a runed translucent gate.
 13593 | Lair:1   | Noticed a boulder beetle
 13607 | Lair:1   | Killed a boulder beetle
 13608 | Lair:1   | Reached skill level 10 in Fighting
 13626 | Lair:1   | Found a frozen archway.
 13677 | IceCv    | Entered an ice cave
 13970 | IceCv    | Reached ****** piety under Okawaru
 13971 | IceCv    | Acquired a +2 demon whip of electrocution
 13971 | IceCv    | Received a gift from Okawaru
 14019 | IceCv    | Acquired the +0 helmet of the Vanishing Beggars {Rampage
                  | Will+ Regen+}
 14019 | IceCv    | Received a gift from Okawaru
 14147 | IceCv    | Reached skill level 10 in Maces & Flails
 14417 | IceCv    | Noticed a reaper
 14446 | IceCv    | Killed a reaper
 14446 | IceCv    | Received a gift from Okawaru
 14447 | IceCv    | Reached XP level 12. HP: 79/97 MP: 17/17
 14583 | IceCv    | Found the +9 sword of Zonguldrok {reap}
 15568 | Lair:1   | Noticed Juexoadu's ghost (journeyman BaFi)
 15829 | Lair:1   | Received a gift from Okawaru
 15887 | Lair:1   | Killed Juexoadu's ghost
 15957 | Lair:2   | Noticed a boulder beetle
 15971 | Lair:1   | Killed a boulder beetle
 16009 | Lair:2   | Found a staircase to the Snake Pit.
 16124 | Lair:2   | Found a staircase to the Swamp.
 16349 | Lair:2   | Received a gift from Okawaru
 16830 | Lair:3   | Noticed a boulder beetle
 16878 | Lair:2   | Killed a boulder beetle
 16890 | Lair:3   | Received a gift from Okawaru
 16939 | Lair:3   | Noticed Rupert
 16963 | Lair:3   | Killed Rupert
 16964 | Lair:3   | Gained mutation: You are strongly in touch with the powers
                  | of death. [Mummy growth]
 16964 | Lair:3   | Reached XP level 13. HP: 80/103 MP: 19/19
 17152 | Lair:3   | Reached skill level 10 in Armour
 17157 | Lair:3   | Reached skill level 1 in Throwing
 17266 | Lair:3   | Received a gift from Okawaru
 17613 | Lair:4   | Reached skill level 5 in Throwing
 17879 | Lair:4   | Received a gift from Okawaru
 18099 | Lair:4   | Found a viscous altar of Jiyva.
 18101 | Lair:4   | Found a staircase to the Slime Pits.
 18553 | Lair:5   | Entered Level 5 of the Lair of Beasts
 18593 | Lair:4   | Received a gift from Okawaru
 18609 | Lair:4   | Reached skill level 10 in Throwing
 18796 | Lair:5   | Received a gift from Okawaru
 18803 | Lair:5   | Reached XP level 14. HP: 75/111 MP: 20/20
 19217 | Lair:5   | Identified the amulet "Noahimoel" {Spirit Rampage}
 19232 | Lair:5   | Received a gift from Okawaru
 19648 | Lair:5   | Reached skill level 5 in Evocations
 19800 | Lair:5   | Found a large runed translucent door.
 19800 | Lair:5   | Found a large runed translucent door.
 19954 | Lair:5   | Received a gift from Okawaru
 20295 | D:12     | Found Ibrizoot's Book Boutique.
 21009 | D:12     | Noticed Nessos
 21017 | D:12     | Killed Nessos
 21279 | D:13     | Noticed Lodul
 21319 | D:13     | Killed Lodul
 21354 | D:13     | Found a portal to a secret trove of treasure.
 21520 | D:13     | Identified the +1 hand axe of Joeh {flame, *Rage rC+ Str+4
                  | Int+2}
 21555 | D:13     | Received a gift from Okawaru
 22217 | D:14     | Received a gift from Okawaru
 22278 | D:13     | Reached XP level 15. HP: 108/120 MP: 21/21
 22401 | D:14     | Found a gate to the Vaults.
 22537 | D:14     | Received a gift from Okawaru
 22979 | D:15     | Entered Level 15 of the Dungeon
 23157 | D:15     | Found a staircase to the Depths.
 23497 | D:15     | Received a gift from Okawaru
 24038 | Orc:1    | Entered Level 1 of the Orcish Mines
 24280 | Orc:1    | Noticed Fannar
 24288 | Orc:1    | Killed Fannar
 24483 | Orc:2    | Entered Level 2 of the Orcish Mines
 24483 | Orc:2    | Found a staircase to the Elven Halls.
 24504 | Orc:2    | Found Isma's General Store.
 24604 | Orc:2    | Received a gift from Okawaru
 24648 | Orc:2    | Found Pusen's Jewellery Shoppe.
 24914 | Orc:2    | Found Dusukem's Antique Weapon Shoppe.
 24949 | Orc:2    | Found Huhoh's Antique Armour Shop.
 25336 | Snake:1  | Entered Level 1 of the Snake Pit
 25398 | Snake:1  | Reached skill level 1 in Shields
 25473 | Snake:1  | Found Xuigany's Armour Shoppe.
 25500 | Snake:1  | Received a gift from Okawaru
 25789 | Snake:1  | Reached skill level 5 in Shields
 25799 | Snake:1  | Bought a +2 pair of boots of flying for 301 gold pieces
 26032 | Snake:1  | Reached XP level 16. HP: 118/130 MP: 21/23
 26265 | Snake:1  | Received a gift from Okawaru
 26806 | Snake:2  | Found Exeyt's Assorted Antiques.
 26809 | Snake:2  | Found Fosuish's Book Emporium.
 26809 | Snake:2  | Found Feggafan's Antique Weapon Shoppe.
 26815 | Snake:2  | Found Mumut's Jewellery Shoppe.
 27447 | Snake:2  | Reached skill level 10 in Invocations
 28269 | Snake:3  | Received a gift from Okawaru
 28444 | Snake:3  | Identified the serpent talisman of Naekorgh {rF+ Str+6}
 28444 | Snake:3  | Noticed Aizul
 28462 | Snake:3  | Killed Aizul
 29366 | Snake:4  | Entered Level 4 of the Snake Pit
 29444 | Snake:3  | Received a gift from Okawaru
 29985 | Snake:3  | Received a gift from Okawaru
 29993 | Snake:3  | Reached skill level 15 in Fighting
 30288 | Snake:4  | Reached XP level 17. HP: 136/142 MP: 24/24
 30368 | Snake:4  | Noticed Bai Suzhen
 30387 | Snake:4  | Killed Bai Suzhen
 30614 | Snake:4  | Received a gift from Okawaru
 31573 | Snake:4  | HP: 4/142 [naga warrior/+0 short sword (6)]
 31573 | Snake:4  | HP: 1/142 [constriction (3)]
 31744 | Snake:4  | Reached skill level 15 in Throwing
 31752 | Snake:4  | Received a gift from Okawaru
 32210 | Snake:4  | Got a serpentine rune of Zot
 32516 | Swamp:1  | Entered Level 1 of the Swamp
 32658 | Swamp:1  | Received a gift from Okawaru
 32765 | Swamp:1  | You are sucked into a shaft and drop 1 floor!
 32765 | Swamp:2  | Noticed Roxanne
 32865 | Swamp:1  | Noticed Kirke
 32897 | Swamp:1  | Killed Kirke
 33421 | Swamp:2  | Received a gift from Okawaru
 33825 | Swamp:3  | Reached skill level 10 in Shields
 34191 | Swamp:4  | Entered Level 4 of the Swamp
 34221 | Swamp:3  | Reached XP level 18. HP: 135/149 MP: 25/25
 34367 | Swamp:4  | Received a gift from Okawaru
 34561 | Swamp:4  | Received a gift from Okawaru
 34561 | Swamp:4  | Killed by an exploding eight-headed hydra... ignited by
                  | their inner flame

Illustrated notes

Levels and vault maps discovered:
D:1:      psy_arrival_terrarium, layout_basic
D:2:      layout_loops_cross
D:3:      layout_basic, hellmonk_ecumenical_altar_zigzags, kennysheep_path_1
D:4:      layout_basic, kennysheep_ying_yang, minmay_temple_entry_ruins,
          uniq_crazy_yiuf_cottage
D:5:      layout_loops_ring, nicolae_qazlal_scattered_showers,
          grunt_ministairs_8, kb_lookout_dungeons_type,
          kennysheep_generic_room_3
D:6:      layout_rooms, mainiacjoe_overflow_small_starburst,
          nicolae_gozag_seed_capital, cheibrodos_worm_habitat, uniq_grinder,
          uniq_prince_ribbit1, uniq_edmund, uniq_maggie
D:7:      layout_basic, mainiacjoe_overflow_cross_hatched,
          minmay_misc_feat_pillars
D:8:      kennysheep_big_flooded_room, layout_loops_corners, old_standard_altar,
          amcnicky_altar_gilded, erik_lair_orcish_takeover
D:9:      gammafunk_corrupted_shrine, layout_cave_pools, lemuel_doored_altar,
          serial_shops, shop, kennysheep_generic_room_10
D:10:     minmay_goldmine, layout_loops_ring, nicolae_overflow_hidden_temple,
          grunt_ministairs_4
D:11:     layout_long_grid, hangedman_abyss_or_decor_clamps,
          minmay_lindwurm_lava, uniq_snorg, uniq_grum
D:12:     layout_loops_corners, serial_shops, shop, uniq_nessos
D:13:     layout_irregular_city, nicolae_trove_entry_columns, uniq_lodul
D:14:     layout_roguey, lightli_vaults_fourway_checkpoint,
          kennysheep_generic_room_14
D:15:     grunt_enter_depths_hoard, layout_layer_cave, serial_bayou,
          serial_bayou_pond_e, serial_bayou_pond_e, serial_bayou_pond_c,
          serial_bayou_crossing
Lair:1:   layout_cave_pods, portal_ice_cave_entry_imps,
          gammafunk_ghost_necromancy, chequers_serial_rivers_micro_a
Lair:2:   layout_loops_ring, swamp_mist_pool,
          minmay_snake_entry_guardpost_small, infiniplex_staircase_pool
Lair:3:   layout_cave_shapes, grunt_megastairs_5, uniq_rupert
Lair:4:   layout_cave_pods, slime_entry_2, serial_bayou_shore_b
Lair:5:   cheibrodos_lair_end_hotspot, layout_loops_ring,
          kilobyte_rumbling_trees
Swamp:1:  layout_basic_swamp, nicolae_swamp_dense_foliage, uniq_kirke
Swamp:2:  layout_basic_swamp, evilmike_swamp_ruin_house_3, uniq_roxanne
Swamp:3:  layout_basic_swamp, nicolae_swamp_tree_isthmus, swamp_pool_1_2
Swamp:4:  swamp, layout_basic_swamp, nicolae_swamp_decorative_isthmus
Snake:1:  layout_onion, nicolae_snake_dead_anacondas, grunt_megastairs_1,
          minmay_shop_star, lemuel_fruit_tree
Snake:2:  layout_layer_cave, minmay_shoptagon
Snake:3:  layout_chambers, serial_bayou_shore_a, uniq_aizul
Snake:4:  snake_pit_salamanders_mu, layout_grid_shapes, nicolae_snake_springs,
          serial_bayou_shore_b, serial_bayou_shore_b, uniq_bai_suzhen
Orc:1:    layout_caves, basic_altar, minmay_orc_keep, uniq_fannar
Orc:2:    grunt_orc_gardens, layout_diamond_mine, grunt_orc_garden,
          grunt_orc_garden, grunt_orc_garden, grunt_orc_garden

Skill      XL: |  1  2  3  4  5  6  7  8  9 10 11 12 13 14 15 16 17 18 |
---------------+-------------------------------------------------------+-----
Fighting       | 1 2 3 4 6 7 9 10 12 13 15 | 15.0
Stealth        | 1 2 |  2.0
Maces & Flails | 1 2 3 4 5 6 8 10 11 | 11.9
Invocations    | 2 3 5 6 7 8 9 10 | 10.0
Armour         | 2 4 6 7 9 10 11 12 | 12.0
Throwing       | 10 11 12 14 15 | 15.2
Evocations     | 4 5 |  5.0
Shields        | 5 10 11 | 11.1
Axes           | |  1.5
Dodging        | |  1.5

Action                     |  1- 3 |  4- 6 |  7- 9 | 10-12 | 13-15 | 16-18 || total
---------------------------+-------+-------+-------+-------+-------+-------++-------
  Melee: Whip              |   248 |       |       |       |       |       ||   248
         Hand axe          |     8 |       |       |       |       |       ||     8
         Punch             |    12 |     9 |     4 |    60 |   190 |       ||   275
         Flail             |       |   171 |   106 |       |       |       ||   277
         Dire flail        |       |       |   184 |   386 |       |       ||   570
         Morningstar       |       |       |       |   222 |       |       ||   222
         Demon whip        |       |       |       |   427 |  1696 |  1729 ||  3852
  Throw: Dart              |     4 |     7 |     6 |    16 |     1 |     5 ||    39
         Boomerang         |       |       |       |     3 |       |     3 ||     6
         Javelin           |       |       |       |       |     8 |    36 ||    44
 Invoke: Heroism           |       |     1 |     5 |     8 |     6 |     4 ||    24
         Finesse           |       |       |       |     3 |     8 |     6 ||    17
         Receive Weapon    |       |       |       |     1 |       |       ||     1
         Receive Armour    |       |       |       |     1 |       |       ||     1
  Evoke: Condenser vane    |       |     1 |     3 |     1 |       |     1 ||     6
         Wand              |       |       |     5 |    24 |     6 |     6 ||    41
    Use: Scroll            |     2 |     3 |     3 |    15 |       |     7 ||    30
   Stab: Sleeping          |     3 |       |       |       |       |       ||     3
         Paralysed         |       |       |       |     2 |       |     4 ||     6
 Armour: Leather armour    |   105 |    34 |       |       |       |       ||   139
         Plate armour      |    44 |   153 |   378 |   878 |       |   220 ||  1673
         Crystal plate arm |       |       |       |   173 |  1284 |  1612 ||  3069
  Dodge: Dodged            |   118 |    83 |    96 |   225 |   194 |   226 ||   942
  Block: Buckler           |       |       |       |       |    20 |   296 ||   316
         Tower shield      |       |       |       |       |       |   345 ||   345

Table legend: (Time is in decaauts)
 A = Elapsed time spent in this place.
 B = Non-inter-level travel time spent in this place.
 C = Inter-level travel time spent in this place.
 D = Time resting spent in this place.
 E = Time spent auto-exploring this place.
 F = Levels seen in this place.
 G = Mean time per level.
                   A        B        C        D        E       F      G
               +--------+--------+--------+--------+--------+-----+--------+
         Total |  32860 |  31075 |   1785 |   5077 |  16222 |  31 | 1060.0 |
       Dungeon |  17280 |  16264 |   1016 |   3772 |   7648 |  15 | 1152.0 |
          Lair |   5029 |   4643 |    386 |    158 |   3160 |   5 | 1005.8 |
         Swamp |   1880 |   1828 |     52 |    115 |   1027 |   4 |  470.0 |
     Snake Pit |   6412 |   6123 |    289 |    785 |   3317 |   4 | 1603.0 |
  Orcish Mines |    983 |    943 |     40 |     16 |    721 |   2 |  491.5 |
      Ice Cave |   1274 |   1274 |      0 |    231 |    347 |   1 | 1274.0 |
               +--------+--------+--------+--------+--------+-----+--------+

Top non-repeatable levels by time:
     D:8: 2155 daAuts
 Snake:4: 2147 daAuts
    D:10: 2033 daAuts
     D:4: 1707 daAuts
 Snake:3: 1632 daAuts
     D:5: 1389 daAuts
 Snake:1: 1352 daAuts
 Snake:2: 1279 daAuts
   IceCv: 1274 daAuts
  Lair:1: 1229 daAuts
  Lair:5: 1224 daAuts
     D:1: 1098 daAuts
  Lair:4: 1018 daAuts
     D:6: 1001 daAuts
     D:2: 999 daAuts
